 Dungeon Crawl Stone Soup version 0.31-a0-214-gb37851dbb3 (webtiles) character file.

Game seed: 15087286363883134421

16 qw the Shooter (level 2, -1/24 HPs)
             Began as a Minotaur Hexslinger on July 1, 2023.
             Slain by a gnoll
             ... wielding a +0 halberd
              (9 damage)
             ... on level 2 of the Dungeon.
             The game lasted 00:00:15 (813 turns).

qw the Shooter (Minotaur Hexslinger)                 Turns: 813, Time: 00:00:16

Health: -1/24      AC:  8    Str: 12    XL:     2   Next: 41%
Magic:  2/2        EV: 10    Int: 12    God:
Gold:   82         SH:  0    Dex: 12    Spells: 2/3 levels left

rFire   . . .        Y - +1 sling
rCold   . . .        (no shield)
rNeg    + . .        g - +0 ring mail
rPois   .            (helmet restricted)
rElec   .            a - +2 cloak of the Nightingale {rN+ Will+ rCorr Int+2}
rCorr   +            (no gloves)
SInv    .            (no boots)
Will    +....        (no amulet)
Stlth   +            (no ring)
HPRegen 0.24/turn    (no ring)
MPRegen 0.08/turn

%: no passive effects
@: no status effects
A: horns 2, retaliatory headbutt
a: no special abilities


You were on level 2 of the Dungeon.
You visited 1 branch of the dungeon, and saw 2 of its levels.

You collected 82 gold pieces.


Innate Abilities, Weirdness & Mutations

You have a pair of horns on your head.
You reflexively headbutt those who attack you in melee.


   Skills:
 - Level 2.0 Fighting
 + Level 3.1 Ranged Weapons
 - Level 2.1 Dodging
 - Level 1.0 Spellcasting
 - Level 2.0 Hexes


You had 2 spell levels left.
You knew the following spells:

 Your Spells              Type           Power      Damage    Failure   Level
a - Slow                  Hex            20%        N/A       30%         1

Your spell library contained the following spells:

 Spells                   Type           Power      Damage    Failure   Level
 Inner Flame              Hex/Fire       3%         N/A       80%         3
 Portal Projectile        Hex/Tloc       6%         N/A       80%         3
 Cause Fear               Hex            2%         N/A       96%         4

Inventory:

Hand Weapons
 Y - a +1 sling (weapon)
Armour
 a - the +2 cloak of the Nightingale (worn) {rN+ Will+ rCorr Int+2}
   (You acquired it on level 1 of the Dungeon)

   Int:       It affects your intelligence (+2).
   rN:        It protects you from negative energy.
   rCorr:     It protects you from acid and corrosion.
   Will:      It increases your willpower.
 g - a +0 ring mail (worn)
Potions
 b - a potion of curing {unknown}
 c - a potion of berserk rage {unknown}
 j - a potion of ambrosia {unknown}

Dungeon Overview and Level Annotations

Branches:
Dungeon (2/15)

Altars:


Message History

Enter note:
Enter note:
804 ||| Stepping ~*~*~tactically~*~*~ (outnumbered).
The gnoll shouts!
You shoot a sling bullet.
The sling bullet barely misses the gnoll.
A gnoll comes into view. It is wielding a +0 whip.
You shoot a sling bullet.
The sling bullet barely misses the gnoll.
The gnoll hits you but does no damage.
You shoot a sling bullet. The sling bullet hits the gnoll.
The gnoll is moderately wounded.
The gnoll barely misses you.
The gnoll hits you from afar with a +0 spear.
The gnoll barely misses you.
You shoot a sling bullet.
The sling bullet hits the gnoll but does no damage.
The gnoll barely misses you. The gnoll closely misses you.
You shoot a sling bullet. The sling bullet hits the gnoll.
The gnoll is lightly wounded.
The gnoll hits you but does no damage.
The gnoll hits you from afar with a +0 spear!
The gnoll barely misses you.
You shoot a sling bullet.
The sling bullet hits the gnoll but does no damage.
The gnoll is lightly wounded.
The gnoll barely misses you. The gnoll closely misses you.
The gnoll hits you from afar with a +0 spear.
You shoot a sling bullet. The sling bullet hits the gnoll.
The gnoll is heavily wounded.
The gnoll barely misses you. The gnoll hits you but does no damage.
The gnoll closely misses you.
You shoot a sling bullet.
The sling bullet barely misses the gnoll.
The gnoll hits you from afar with a +0 halberd.
The gnoll completely misses you.
The gnoll hits you from afar with a +0 spear.
The gnoll hits you with a +0 flail.
The gnoll hits you from afar with a +0 halberd!
You die...

### . ..#.# #.######
..#....# #......######
#.#.#..# #.##..:.....#
#.#.#... .........%..#
#.#.##..
#.g......####.......
.....#.#...........###.
..# #@#.####........#.
#.ggg................
....###.#.####..#.###.#.
.. #.#.# #..#.# #.##
#.#.# #..#.. ... ..#.#
#..#####.#. ... #..#
#.#. ### #... ..# #..#
##


You could see 4 gnolls.

Vanquished Creatures
  3 bats (D:1)
  A giant cockroach (D:2)
  A hobgoblin (D:1)
  2 quokkas
  A frilled lizard (D:1)
  6 kobolds
  A rat (D:1)
15 creatures vanquished.

Notes
Turn   | Place    | Note
-------+----------+-------------------------------------------
     0 | D:1      | qw the Minotaur Hexslinger began the quest for the Orb.
     0 | D:1      | Reached XP level 1. HP: 16/16 MP: 1/1
     0 | D:1      | 0 ||| qw: Version: 0.3-a-32-g5962c71
     0 | D:1      | 0 ||| qw: Game counter: 7562
     0 | D:1      | 0 ||| qw: Melee chars always use a shield: true
     0 | D:1      | 0 ||| qw: God list: Okawaru
     0 | D:1      | 0 ||| qw: Allow faded altars: false
     0 | D:1      | 0 ||| qw: Do Orc after clearing Dungeon:15 true
     0 | D:1      | 0 ||| qw: Do second Lair branch before Depths: true
     0 | D:1      | 0 ||| qw: Lair rune preference: random
     0 | D:1      | 0 ||| qw: Goals: Normal
     0 | D:1      | 0 ||| PLANNING D:1-11
   280 | D:1      | Reached skill level 3 in Ranged Weapons
   315 | D:1      | Reached XP level 2. HP: 23/23 MP: 2/2
   559 | D:1      | 559 ||| UPGRADING to +0 leather armour.
   569 | D:1      | 569 ||| DROPPING +0 robe.
   570 | D:1      | 570 ||| UPGRADING to +0 ring mail.
   580 | D:1      | 580 ||| DROPPING +0 leather armour.
   581 | D:1      | 581 ||| UPGRADING to +0 cloak.
   586 | D:1      | 586 ||| READING scroll labelled SAAMILUSHE.
   587 | D:1      | 587 ||| READING scroll labelled PUONITZE KUSOMM.
   591 | D:1      | 591 ||| READING scroll labelled MYNKYO YRHEH.
   591 | D:1      | Identified a scroll of acquirement
   591 | D:1      | 591 ||| ACQUIRING +2 cloak of the Nightingale {rN+ Will+
                  | rCorr Int+2}
   591 | D:1      | Acquired the +2 cloak of the Nightingale {rN+ Will+ rCorr
                  | Int+2}
   593 | D:1      | 593 ||| UPGRADING to +2 cloak of the Nightingale {rN+ Will+
                  | rCorr Int+2}.
   603 | D:1      | 603 ||| DROPPING +0 cloak.
   604 | D:1      | 604 ||| READING scroll labelled AGALIJ RINERE.
   605 | D:1      | 605 ||| DROPPING scroll of poison.
   804 | D:2      | 804 ||| Stepping ~*~*~tactically~*~*~ (outnumbered).
   813 | D:2      | Slain by a gnoll

Levels and vault maps discovered:
D:1:      dpeg_arrival_orchard, layout_loops_ring
D:2:      layout_basic

Skill      XL: |  1  2 |
---------------+-------+-----
Ranged Weapons | 3 |  3.1
Fighting       | 2 |  2.0
Dodging        | |  2.1
Spellcasting   | |  1.0
Hexes          | |  2.0

Action                     || total
---------------------------++-------
   Fire: Sling             ||    47
    Use: Scroll            ||     4
 Armour: Robe              ||     4
         Ring mail         ||     4
  Dodge: Dodged            ||    22

Table legend:
 A = Non-vault XP
 B = Vault XP
 C = Vault XP percentage of total XP
 D = Non-vault monster count
 E = Vault monster count
 F = Vault count percentage of total count
                 A         B        C        D         E       F
            +---------+---------+-------+---------+---------+-------
      Total |      24 |       0 |   0.0 |      15 |       0 |   0.0
            +---------+---------+-------+---------+---------+-------
        D:1 |      18 |       0 |   0.0 |      12 |       0 |   0.0
        D:2 |       6 |       0 |   0.0 |       3 |       0 |   0.0
            +---------+---------+-------+---------+---------+-------
